 Dungeon Crawl Stone Soup version 0.31-a0-188-g5e087ee2ca (webtiles) character file.

Game seed: 14812254825942689192

28 qw the Shooter (level 2, -4/24 HPs)
             Began as a Deep Elf Hunter on June 23, 2023.
             Engulfed by a cloud of poison gas (5 damage)
             ... on level 1 of the Dungeon.
             The game lasted 00:00:18 (1048 turns).

qw the Shooter (Deep Elf Hunter)                    Turns: 1048, Time: 00:00:19

Health: -4/24      AC:  6    Str:  8    XL:     2   Next: 96%
Magic:  4/4        EV:  8    Int: 13    God:
Gold:   67         SH:  0    Dex: 18    Spells: 1/1 levels left

rFire   . . .        Y - +0 shortbow
rCold   . . .        (shield currently unavailable)
rNeg    . . .        h - +0 scale mail
rPois   .            (no helmet)
rElec   .            (no cloak)
rCorr   .            (no gloves)
SInv    .            (no boots)
Will    .....        (no amulet) Stlth
                     (no ring)
HPRegen 0.24/turn    (no ring)
MPRegen 0.09/turn

%: no passive effects
@: berserking (expiring), lethally poisoned (-4 -> -63), very quick
A: no striking features
a: no special abilities


You were on level 1 of the Dungeon.
You visited 1 branch of the dungeon, and saw 1 of its levels.

You collected 67 gold pieces.


   Skills:
 - Level 1.5 Fighting
 + Level 6.6 Ranged Weapons
 - Level 2.4 Dodging
 - Level 1.2 Stealth


You had one spell level left.
You didn't know any spells.
Your spell library was empty.

Inventory:

Hand Weapons
 Y - a +0 shortbow (weapon)
Armour
 h - a +0 scale mail (worn)
Scrolls
 b - a scroll of butterflies
 l - 2 scrolls of revelation
Potions
 g - a potion of berserk rage
 j - a potion of haste {unknown}

Dungeon Overview and Level Annotations

Branches:
Dungeon (1/15)

Altars:


Message History

As you read the scroll labelled NIRONW MUNIFE, it crumbles to dust.
It is a scroll of identify.
Really abort (and waste the scroll)?
Done exploring.
1041 ||| READING scroll labelled YZIMOY GUWYMNE.
As you read the scroll labelled YZIMOY GUWYMNE, it crumbles to dust.
It is a scroll of amnesia.
You feel forgetful for a moment.
Done exploring.
1042 ||| READING scroll labelled LURPHI OCEDGHIA.
The air fills with toxic fumes!
As you read the scroll labelled LURPHI OCEDGHIA, it crumbles to dust.
It was a scroll of poison.
Done exploring.
1043 ||| READING 3 scrolls labelled MACUTASHRUNICS.
As you read the scroll labelled MACUTASHRUNICS, it crumbles to dust.
You feel momentarily disoriented.
It was a scroll of revelation.
Enter note:
Enter note:
Enter note:
Enter note: Done exploring.
1044 ||| DRINKING 2 orange potions.
It was a potion of berserk rage.
A red film seems to cover your vision as you go berserk!
You feel yourself moving faster!
You feel mighty!
Really walk into that cloud of poison gas?
You feel a strong urge to attack something.
You are engulfed in poison gas.
You are poisoned.
You feel sick.
You are engulfed in poison gas.
You are lethally poisoned!
You feel very sick.
You feel your anger nearly subside.
You are engulfed in poison gas.
You are more poisoned.
You feel extremely sick.
You are engulfed in poison gas.
You are more poisoned.
You die...

#........# #<......... #######.##
########### #.# ### #.#
###############
..######.###################
..............####........#######
..######.####.####.######.......#
.## ##...###.####.######.#####.#
## #.....##...@¤....###.## #.#
##...########¤##.###.#####.#
##.## #####¤¤......###.... #.#
########¤###.###.#.# #.#
########.###.......# ##'##
########.###.......# ##...##
########.#######.###
##.....##########.#######.### #
##.......######.##.#######.##.


There were no monsters in sight!

Vanquished Creatures
  A dart slug (D:1)
  8 bats (D:1)
  An endoplasm (D:1)
  A giant cockroach (D:1)
  5 hobgoblins (D:1)
  A kobold (D:1)
  A quokka (D:1)
  A ball python (D:1)
  A frilled lizard (D:1)
  3 rats (D:1)
23 creatures vanquished.

Notes
Turn   | Place    | Note
-------+----------+-------------------------------------------
     0 | D:1      | qw the Deep Elf Hunter began the quest for the Orb.
     0 | D:1      | Reached XP level 1. HP: 12/12 MP: 3/3
     0 | D:1      | 0 ||| qw: Version: 0.3-a-9-g12657ce
     0 | D:1      | 0 ||| qw: Game counter: 3404
     0 | D:1      | 0 ||| qw: Always use a shield: true
     0 | D:1      | 0 ||| qw: God list: Okawaru
     0 | D:1      | 0 ||| qw: Allow faded altars: false
     0 | D:1      | 0 ||| qw: Do Orc after D:15 true
     0 | D:1      | 0 ||| qw: Do second Lair branch before Depths: true
     0 | D:1      | 0 ||| qw: Lair rune preference: random
     0 | D:1      | 0 ||| qw: Plans: Normal
     0 | D:1      | 0 ||| PLANNING D:1-11
   131 | D:1      | Reached XP level 2. HP: 16/16 MP: 4/4
   160 | D:1      | Reached skill level 6 in Ranged Weapons
  1025 | D:1      | 1025 ||| UPGRADING to +0 scale mail.
  1035 | D:1      | 1035 ||| DROPPING +0 leather armour.
  1036 | D:1      | 1036 ||| READING scroll labelled JYACYTAJIO.
  1037 | D:1      | 1037 ||| READING scroll labelled HOMPE FI HUNE.
  1040 | D:1      | 1040 ||| READING scroll labelled NIRONW MUNIFE.
  1041 | D:1      | 1041 ||| READING scroll labelled YZIMOY GUWYMNE.
  1042 | D:1      | 1042 ||| READING scroll labelled LURPHI OCEDGHIA.
  1043 | D:1      | 1043 ||| READING 3 scrolls labelled MACUTASHRUNICS.
  1044 | D:1      | 1044 ||| DRINKING 2 orange potions.
  1047 | D:1      | HP: 1/24 [poisoned by you (poison gas)]
  1048 | D:1      | Engulfed by a cloud of poison gas

Levels and vault maps discovered:
D:1:      wheals_arrival_linesprint, layout_loops_corners

Skill      XL: |  1  2 |
---------------+-------+-----
Ranged Weapons | 6 |  6.6
Fighting       | |  1.5
Dodging        | |  2.4
Stealth        | |  1.2

Action                     || total
---------------------------++-------
   Fire: Shortbow          ||    69
    Use: Scroll            ||     6
         Potion            ||     1
 Armour: Leather armour    ||     9
  Dodge: Dodged            ||    21

Table legend:
 A = Non-vault XP
 B = Vault XP
 C = Vault XP percentage of total XP
 D = Non-vault monster count
 E = Vault monster count
 F = Vault count percentage of total count
                 A         B        C        D         E       F
            +---------+---------+-------+---------+---------+-------
      Total |      40 |       0 |   0.0 |      23 |       0 |   0.0
            +---------+---------+-------+---------+---------+-------
        D:1 |      40 |       0 |   0.0 |      23 |       0 |   0.0
            +---------+---------+-------+---------+---------+-------
